CAROLINA vs MONTREAL

Created - May-08-21 at 20:49

Goals
1 2 3 T
CAROLINA 1 1 0 2
MONTREAL 1 1 1 3
Shots
1 2 3 T
CAROLINA 5 12 10 27
MONTREAL 10 6 8 24

1st period

1. CAROLINA , Nicklas Backstrom 24 (Brent Burns 63, Shea Weber 32) at 2:12
2. MONTREAL , Vincent Trocheck 14 (Nathan Beaulieu 14) at 19:34

Penalties :
Kyle Clifford (CAR) for Hooking (Minor) at 3:48, Deryk Engelland (CAR) for Slashing (Minor) at 17:06

2nd period

3. CAROLINA , Matt Martin 8 (Adam Henrique 19, Sam Lafferty 11) at 16:41
4. MONTREAL , Max Pacioretty 17 (Nathan MacKinnon 32, Keith Yandle 26) at 19:30 (PP)

Penalties :
Connor Murphy (MON) for Hooking (Minor) at 7:13, Shea Weber (CAR) for Roughing (Minor) at 18:04

3rd period

5. MONTREAL , Nathan MacKinnon 32 (Max Pacioretty 21) at 4:01

Penalties :
Connor Murphy (MON) for Hooking (Minor) at 7:08, Luke Kunin (CAR) for Goalie Interference (Minor) at 10:57, Sergei Bobrovsky (CAR) for Delaying the game (Minor) at 11:53 - Shea Weber served the penalty., Max Pacioretty (MON) for Fighting (Major) at 15:31, Matt Martin (CAR) for Fighting (Major) at 15:31, Nathan Beaulieu (MON) for Hooking (Minor) at 15:46

Goalie Stats

Sergei Bobrovsky (CAR), 21 saves from 24 shots - (0.875), L, 28-23-4, 60:00 minutes
Anton Khudobin (MON), 25 saves from 27 shots - (0.926), W, 20-27-3, 60:00 minutes

Players Stats for CAROLINA

Player Name              G  A  P  +/- PIM S  H  SB GA TA FO     MP     PP MP  PK MP  
------------------------------------------------------------------------------------
Adam Henrique            0  1  1   1  0   3  0  0  0  0  0/0    15:14   0:00   1:56 
Alexander Radulov        0  0  0  -1  0   4  0  0  0  0  1/3    18:26   2:19   1:56 
Brent Burns              0  1  1  -1  0   3  1  3  0  0  0/0    26:18   3:14   3:55 
CAR Cap Hit              0  0  0  -1  0   0  0  0  0  0  0/0     4:09   0:00   0:18 
Cooper Marody            0  0  0   0  0   0  0  0  0  0  0/3     3:09   0:24   0:00 
Deryk Engelland          0  0  0   0  2   1  0  1  0  0  0/0    19:50   2:43   2:46 
Dominik Kubalik          0  0  0  -1  0   0  0  0  0  0  1/3    15:30   3:14   0:00 
Duncan Keith             0  0  0   0  0   0  1  2  0  0  0/0    21:29   2:43   4:24 
Joel L'Esperance         0  0  0   1  0   0  1  0  0  0  0/0     6:23   0:24   0:00 
Josh Brown               0  0  0   1  0   0  2  1  0  0  0/0    15:13   0:00   3:34 
Kyle Clifford            0  0  0  -1  2   3  2  0  0  0  1/1    16:29   2:19   0:00 
Luke Kunin               0  0  0  -1  2   1  4  0  0  0  13/19  16:29   2:19   0:00 
Matt Benning             0  0  0   1  0   0  4  0  0  0  0/0    12:13   0:00   0:00 
Matt Martin              1  0  1   1  5   2  2  0  0  0  0/0    12:59   0:24   0:00 
Nicklas Backstrom        1  0  1   0  0   5  1  0  0  0  13/26  24:42   3:14   5:16 
Ross Colton              0  0  0   1  0   0  0  0  0  0  0/3     5:59   0:00   0:00 
Sam Lafferty             0  1  1   1  0   0  0  0  0  0  8/14   14:10   0:00   0:52 
Shea Weber               0  1  1   0  2   2  0  1  0  0  0/0    20:46   3:14   1:41 
Vladimir Tarasenko       0  0  0  -1  0   3  1  1  0  0  0/0    21:05   3:14   5:35 

Players Stats for MONTREAL

Player Name              G  A  P  +/- PIM S  H  SB GA TA FO     MP     PP MP  PK MP  
------------------------------------------------------------------------------------
Alex Iafallo             0  0  0  -1  0   1  1  1  0  0  2/3    17:39   4:08   0:00 
Brock McGinn             0  0  0   0  0   0  0  0  0  0  0/0     5:53   0:33   3:48 
Connor Murphy            0  0  0   0  4   1  4  3  0  0  0/0    22:02   1:33   0:45 
Corey Perry              0  0  0   0  0   1  0  0  0  0  0/0     6:10   0:00   0:00 
Erik Gustafsson          0  0  0  -1  0   1  1  2  0  0  0/0    17:27   3:39   2:42 
Joel Armia               0  0  0   1  0   0  1  0  0  0  0/0    14:15   0:00   1:20 
Keith Yandle             0  1  1   1  0   2  1  4  0  0  0/0    21:35   3:02   3:57 
Max Pacioretty           1  1  2   0  5   2  0  0  0  0  1/1    17:02   4:11   0:32 
Nathan Beaulieu          0  1  1   0  2   0  3  0  0  0  0/0    13:56   0:00   2:13 
Nathan MacKinnon         1  1  2   0  0   3  1  0  0  0  11/24  21:55   4:11   0:00 
Nino Niederreiter        0  0  0   1  0   0  0  0  0  0  1/2    12:55   0:00   0:00 
P.K. Subban              0  0  0   0  0   1  1  1  0  0  0/0    25:34   4:40   2:17 
Phillip Danault          0  0  0  -1  0   2  7  1  0  0  12/28  22:00   4:08   4:05 
Roope Hintz              0  0  0  -1  0   2  1  0  0  0  0/2    17:55   3:35   0:49 
Tomas Tatar              0  0  0   0  0   1  1  0  0  0  0/1    17:34   4:11   0:00 
Tony DeAngelo            0  0  0   0  0   3  1  0  0  0  0/0    19:23   3:44   0:00 
Vincent Trocheck         1  0  1   1  0   3  1  1  0  0  8/11   15:05   0:00   1:20 
Wayne Simmonds           0  0  0   0  0   1  0  0  0  0  0/0     5:39   0:00   0:00 

3 Stars

1 - Nathan MacKinnon (MON)
2 - Vincent Trocheck (MON)
3 - Keith Yandle (MON)

Power Play

CAROLINA - 0 on 3 Attempt(s) - 0.00%
MONTREAL - 1 on 5 Attempt(s) - 20.00%

Penalty Kill

CAROLINA - 4 on 5 Attempt(s) - 80.00% - Score 0 goal in Penalty Kill
MONTREAL - 3 on 3 Attempt(s) - 100.00% - Score 0 goal in Penalty Kill

Team Stat

CAROLINA - Hits : 19 - Faceoff Wins : 37 - Blocked Shots : 9 - Penalty Minutes : 15
MONTREAL - Hits : 24 - Faceoff Wins : 35 - Blocked Shots : 13 - Penalty Minutes : 11

Official

Referees : Ian Bussieres and Matthew Tanti
Linesman : Neil Campbell and Derek Nansen

Game Notes

Max Pacioretty and Matt Martin fight to a draw at 15:31 of 3rd period

Finance

Level 1 -- Attendance: 4133 (68.88%) -- Ticket Income $413,300
Level 2 -- Attendance: 3756 (75.12%) -- Ticket Income $225,360
Level 3 -- Attendance: 2000 (100.00%) -- Ticket Income $70,000
Level 4 -- Attendance: 3782 (94.55%) -- Ticket Income $75,640
Luxury Box -- Attendance: 689 (68.90%) -- Ticket Income $137,800
Game was played at the Bell Centre.
Total Attendance: 14360 (79.78%)
Total Ticket Income: $922,100
Total Income: $922,100

CAROLINA

5 vs 5 Forward 
   Center                   Left Wing                Right Wing               Time % Phy DF OF 
 1 Nicklas Backstrom        Dominik Kubalik          Vladimir Tarasenko       35     1   2  2  
 2 Luke Kunin               Kyle Clifford            Alexander Radulov        30     1   2  2  
 3 Sam Lafferty             Matt Martin              Adam Henrique            25     1   2  2  
 4 Ross Colton              Nicklas Backstrom        Joel L'Esperance         10     1   2  2  

5 vs 5 Defense 
   Defense                  Defense                                           Time % Phy DF OF 
 1 Brent Burns              Shea Weber                                        35     1   2  2  
 2 Duncan Keith             Deryk Engelland                                   30     1   2  2  
 3 Matt Benning             Josh Brown                                        25     1   2  2  
 4 CAR Cap Hit              Brent Burns                                       10     1   2  2  

PowerPlay Forward 
   Center                   Left Wing                Right Wing               Time % Phy DF OF 
 1 Nicklas Backstrom        Dominik Kubalik          Vladimir Tarasenko       60     1   2  2  
 2 Luke Kunin               Kyle Clifford            Alexander Radulov        40     1   2  2  

PowerPlay Defense
   Defense                  Defense                                           Time % Phy DF OF 
 1 Brent Burns              Shea Weber                                        60     1   2  2  
 2 Duncan Keith             Deryk Engelland                                   40     1   2  2  

Penalty Kill 4 Players Forward 
   Center                   Wing                     Time % Phy DF OF 
 1 Nicklas Backstrom        Vladimir Tarasenko       60     1   2  2  
 2 Alexander Radulov        Adam Henrique            40     1   2  2  

Penalty Kill 4 Players Defense
   Defense                  Defense                  Time % Phy DF OF 
 1 Brent Burns              Shea Weber               60     1   2  2  
 2 Duncan Keith             Deryk Engelland          40     1   2  2  

Penalty Kill - 3 Players Forward 
   Forward                                           Time % Phy DF OF 
 1 Nicklas Backstrom                                 60     1   2  2  
 2 Vladimir Tarasenko                                40     1   2  2  

Penalty Kill - 3 Players Defense
   Defense                  Defense                  Time % Phy DF OF 
 1 Brent Burns              Shea Weber               60     1   2  2  
 2 Duncan Keith             Deryk Engelland          40     1   2  2  

4 vs 4 Forward 
   Center                   Wing                     Time % Phy DF OF 
 1 Nicklas Backstrom        Vladimir Tarasenko       60     1   2  2  
 2 Alexander Radulov        Adam Henrique            40     1   2  2  

4 vs 4 Defense
   Defense                  Defense                  Time % Phy DF OF 
 1 Brent Burns              Shea Weber               60     1   2  2  
 2 Duncan Keith             Deryk Engelland          40     1   2  2  

Last Minutes Offensive
   Center                   Left Wing                Right Wing               Defense                  Defense                  
   Nicklas Backstrom        Dominik Kubalik          Vladimir Tarasenko       Brent Burns              Shea Weber               

Last Minutes Defensive
   Center                   Left Wing                Right Wing               Defense                  Defense                  
   Nicklas Backstrom        Dominik Kubalik          Vladimir Tarasenko       Brent Burns              Shea Weber               

Goaltenders
Starting : Sergei Bobrovsky         
Backup : Samuel Montembeault      

Extra Forwards
Normal : Cooper Marody, Matt Martin, Sam Lafferty - PP : Cooper Marody, Matt Martin - PK : Sam Lafferty
Extra Defensemen
Normal : Matt Benning, Josh Brown, CAR Cap Hit - PP : Matt Benning - PK : Josh Brown, CAR Cap Hit
Penalty Shots
Nicklas Backstrom, Vladimir Tarasenko, Alexander Radulov, Adam Henrique, Dominik Kubalik

Scratches
Patrice Bergeron (Healthy)

MONTREAL

5 vs 5 Forward 
   Center                   Left Wing                Right Wing               Time % Phy DF OF 
 1 Nathan MacKinnon         Max Pacioretty           Tomas Tatar              35     0   1  4  
 2 Phillip Danault          Roope Hintz              Alex Iafallo             30     0   2  3  
 3 Vincent Trocheck         Nino Niederreiter        Joel Armia               25     0   2  3  
 4 Nathan MacKinnon         Wayne Simmonds           Corey Perry              10     2   1  2  

5 vs 5 Defense 
   Defense                  Defense                                           Time % Phy DF OF 
 1 P.K. Subban              Connor Murphy                                     37     1   2  2  
 2 Keith Yandle             Tony DeAngelo                                     33     1   2  2  
 3 Erik Gustafsson          Nathan Beaulieu                                   20     1   2  2  
 4 P.K. Subban              Connor Murphy                                     10     1   2  2  

PowerPlay Forward 
   Center                   Left Wing                Right Wing               Time % Phy DF OF 
 1 Nathan MacKinnon         Max Pacioretty           Tomas Tatar              60     0   1  4  
 2 Phillip Danault          Roope Hintz              Alex Iafallo             40     0   1  4  

PowerPlay Defense
   Defense                  Defense                                           Time % Phy DF OF 
 1 Tony DeAngelo            P.K. Subban                                       60     0   2  3  
 2 Keith Yandle             Erik Gustafsson                                   40     0   2  3  

Penalty Kill 4 Players Forward 
   Center                   Wing                     Time % Phy DF OF 
 1 Phillip Danault          Brock McGinn             60     1   3  1  
 2 Vincent Trocheck         Joel Armia               40     1   3  1  

Penalty Kill 4 Players Defense
   Defense                  Defense                  Time % Phy DF OF 
 1 Keith Yandle             P.K. Subban              60     1   3  1  
 2 Connor Murphy            Erik Gustafsson          40     1   3  1  

Penalty Kill - 3 Players Forward 
   Forward                                           Time % Phy DF OF 
 1 Phillip Danault                                   60     1   3  1  
 2 Vincent Trocheck                                  40     1   3  1  

Penalty Kill - 3 Players Defense
   Defense                  Defense                  Time % Phy DF OF 
 1 Connor Murphy            P.K. Subban              60     1   3  1  
 2 Nathan Beaulieu          Erik Gustafsson          40     1   3  1  

4 vs 4 Forward 
   Center                   Wing                     Time % Phy DF OF 
 1 Nathan MacKinnon         Max Pacioretty           60     0   2  3  
 2 Vincent Trocheck         Tomas Tatar              40     0   2  3  

4 vs 4 Defense
   Defense                  Defense                  Time % Phy DF OF 
 1 Tony DeAngelo            P.K. Subban              60     1   2  2  
 2 Keith Yandle             Erik Gustafsson          40     1   2  2  

Last Minutes Offensive
   Center                   Left Wing                Right Wing               Defense                  Defense                  
   Nathan MacKinnon         Max Pacioretty           Vincent Trocheck         Tony DeAngelo            P.K. Subban              

Last Minutes Defensive
   Center                   Left Wing                Right Wing               Defense                  Defense                  
   Phillip Danault          Max Pacioretty           Vincent Trocheck         Connor Murphy            P.K. Subban              

Goaltenders
Starting : Anton Khudobin           
Backup : Robin Lehner             

Extra Forwards
Normal : Brock McGinn, Corey Perry, Roope Hintz - PP : Brock McGinn, Corey Perry - PK : Roope Hintz
Extra Defensemen
Normal : Tony DeAngelo, Nathan Beaulieu, Connor Murphy - PP : Tony DeAngelo - PK : Nathan Beaulieu, Connor Murphy
Penalty Shots
Nathan MacKinnon, Max Pacioretty, Vincent Trocheck, Tomas Tatar, Phillip Danault

Scratches
MTL Cap Hit (Suspend), Mark Jankowski (Healthy)

% Time on Ice - CAROLINA

Lines # - Real PCT - Wanted PCT - Time Play
Normal Forward
1 - 26% - 35% - 12:00
2 - 31% - 30% - 14:11
3 - 29% - 25% - 13:18
4 - 13% - 10% - 5:59
Normal Defense
1 - 34% - 35% - 15:36
2 - 32% - 30% - 14:22
3 - 27% - 25% - 12:13
4 - 7% - 10% - 3:17
PP Forward
1 - 61% - 60% - 3:38
2 - 39% - 40% - 2:19
PP Defense
1 - 54% - 60% - 3:14
2 - 46% - 40% - 2:43
PK Forward
1 - 73% - 60% - 5:20
2 - 27% - 40% - 1:56
PK Defense
1 - 43% - 60% - 3:07
2 - 57% - 40% - 4:09
PK3 Forward
1 - 76% - 60% - 0:48
2 - 24% - 40% - 0:15
PK3 Defense
1 - 76% - 60% - 0:48
2 - 24% - 40% - 0:15
44 Forward
1 - 0% - 60%
2 - 0% - 40%
44 Defense
1 - 0% - 60%
2 - 0% - 40%
Last Minute Offensive  - 0:16
Last Minute Defensive  - 0:00
Total
Forward - 60:00
Defense - 60:00

% Time on Ice - MONTREAL

Lines # - Real PCT - Wanted PCT - Time Play
Normal Forward
1 - 30% - 35% - 13:23
2 - 30% - 30% - 13:31
3 - 29% - 25% - 12:55
4 - 11% - 10% - 5:05
Normal Defense
1 - 37% - 37% - 16:27
2 - 33% - 33% - 14:58
3 - 26% - 20% - 11:35
4 - 4% - 10% - 1:54
PP Forward
1 - 50% - 60% - 4:11
2 - 50% - 40% - 4:08
PP Defense
1 - 56% - 60% - 4:40
2 - 44% - 40% - 3:39
PK Forward
1 - 78% - 60% - 4:37
2 - 22% - 40% - 1:20
PK Defense
1 - 62% - 60% - 3:41
2 - 38% - 40% - 2:16
PK3 Forward
1 - 0% - 60%
2 - 0% - 40%
PK3 Defense
1 - 0% - 60%
2 - 0% - 40%
44 Forward
1 - 0% - 60%
2 - 0% - 40%
44 Defense
1 - 0% - 60%
2 - 0% - 40%
Last Minute Offensive  - 0:00
Last Minute Defensive  - 0:50
Total
Forward - 60:00
Defense - 60:00

Play-by-Play

1st period


0:01 of 1st period - Nicklas Backstrom wins face-off versus Nathan MacKinnon in neutral zone.
0:03 of 1st period - Vladimir Tarasenko is hit by P.K. Subban and loses puck.
0:06 of 1st period - Shot by Nicklas Backstrom.
0:06 of 1st period - Stopped by Anton Khudobin without a rebound.
0:07 of 1st period - Luke Kunin wins face-off versus Phillip Danault in MONTREAL zone.
0:16 of 1st period - Shot by Deryk Engelland.
0:16 of 1st period - Shot Misses the Net.
1:22 of 1st period - Shot by Vincent Trocheck.
1:22 of 1st period - Shot Blocked by Josh Brown.
1:50 of 1st period - Icing by Connor Murphy.
1:51 of 1st period - Vincent Trocheck wins face-off versus Ross Colton in MONTREAL zone.
2:12 of 1st period - Shot by Nicklas Backstrom.
2:12 of 1st period - Goal by Nicklas Backstrom - CAROLINA : 1 - MONTREAL : 0.
2:13 of 1st period - Nathan MacKinnon wins face-off versus Nicklas Backstrom in neutral zone.
2:27 of 1st period - Icing by Duncan Keith.
2:28 of 1st period - Nicklas Backstrom wins face-off versus Phillip Danault in CAROLINA zone.
2:28 of 1st period - Nicklas Backstrom is hit by Phillip Danault.
2:54 of 1st period - Icing by Tony DeAngelo.
2:55 of 1st period - Luke Kunin wins face-off versus Roope Hintz in MONTREAL zone.
3:06 of 1st period - Roope Hintz is hit by Luke Kunin and loses puck.
3:11 of 1st period - Shot by Brent Burns.
3:11 of 1st period - Stopped by Anton Khudobin without a rebound.
3:12 of 1st period - Sam Lafferty wins face-off versus Nathan MacKinnon in MONTREAL zone.
3:15 of 1st period - Shot by Adam Henrique.
3:15 of 1st period - Deflect By Matt Martin.
3:15 of 1st period - Shot Blocked by Connor Murphy.
3:37 of 1st period - Shot by Max Pacioretty.
3:37 of 1st period - Stopped by Sergei Bobrovsky without a rebound.
3:38 of 1st period - Luke Kunin wins face-off versus Vincent Trocheck in CAROLINA zone.
3:38 of 1st period - Luke Kunin is hit by Vincent Trocheck.
3:46 of 1st period - Joel Armia is hit by Luke Kunin and loses puck.
3:48 of 1st period - Minor Penalty to Kyle Clifford for Hooking.
3:49 of 1st period - Phillip Danault wins face-off versus Nicklas Backstrom in CAROLINA zone.
3:50 of 1st period - Shot by P.K. Subban.
3:50 of 1st period - Stopped by Sergei Bobrovsky with a rebound.
3:52 of 1st period - Shot by Alex Iafallo.
3:52 of 1st period - Stopped by Sergei Bobrovsky without a rebound.
3:53 of 1st period - Nathan MacKinnon wins face-off versus Nicklas Backstrom in CAROLINA zone.
4:01 of 1st period - Icing by P.K. Subban.
4:02 of 1st period - Nathan MacKinnon wins face-off versus Nicklas Backstrom in MONTREAL zone.
4:02 of 1st period - Nathan MacKinnon is hit by Vladimir Tarasenko.
4:24 of 1st period - Shot by Tony DeAngelo.
4:24 of 1st period - Shot Misses the Net.
4:36 of 1st period - Shot by Tony DeAngelo.
4:36 of 1st period - Shot Blocked by Vladimir Tarasenko.
5:14 of 1st period - Shot by Keith Yandle.
5:14 of 1st period - Stopped by Sergei Bobrovsky with a rebound.
5:16 of 1st period - Shot by Erik Gustafsson.
5:16 of 1st period - Shot Misses the Net.
5:26 of 1st period - Shot by Roope Hintz.
5:26 of 1st period - Stopped by Sergei Bobrovsky without a rebound.
5:27 of 1st period - Nicklas Backstrom wins face-off versus Nathan MacKinnon in CAROLINA zone.
5:42 of 1st period - Shot by P.K. Subban.
5:42 of 1st period - Shot Blocked by Duncan Keith.
5:44 of 1st period - Shot by Tony DeAngelo.
5:44 of 1st period - Stopped by Sergei Bobrovsky without a rebound.
5:45 of 1st period - Phillip Danault wins face-off versus Alexander Radulov in CAROLINA zone.
5:51 of 1st period - Vincent Trocheck is hit by Matt Benning and loses puck.
5:57 of 1st period - Joel Armia is hit by Josh Brown.
6:15 of 1st period - Shot by Vincent Trocheck.
6:15 of 1st period - Stopped by Sergei Bobrovsky without a rebound.
6:16 of 1st period - Sam Lafferty wins face-off versus Phillip Danault in CAROLINA zone.
6:16 of 1st period - Sam Lafferty is hit by Phillip Danault.
6:23 of 1st period - Brent Burns is hit by Alex Iafallo.
6:43 of 1st period - Shea Weber is hit by Connor Murphy and loses puck.
6:52 of 1st period - Shea Weber is hit by Phillip Danault.
7:30 of 1st period - Shot by Tomas Tatar.
7:30 of 1st period - Stopped by Sergei Bobrovsky with a rebound.
7:35 of 1st period - Nicklas Backstrom is hit by Tony DeAngelo and loses puck.
7:42 of 1st period - Shot by Dominik Kubalik.
7:42 of 1st period - Shot Misses the Net.
9:03 of 1st period - Brent Burns is hit by Nathan Beaulieu and loses puck.
9:20 of 1st period - Shot by Joel Armia.
9:20 of 1st period - Shot Blocked by Brent Burns.
9:27 of 1st period - Joel Armia is hit by Brent Burns and loses puck.
10:00 of 1st period - Sam Lafferty is hit by Connor Murphy and loses puck.
10:46 of 1st period - Shot by Luke Kunin.
10:46 of 1st period - Stopped by Anton Khudobin with a rebound.
10:48 of 1st period - Shot by Josh Brown.
10:48 of 1st period - Shot Blocked by Erik Gustafsson.
10:56 of 1st period - Shot by Alexander Radulov.
10:56 of 1st period - Shot Misses the Net.
14:08 of 1st period - Icing by Luke Kunin.
14:09 of 1st period - Luke Kunin wins face-off versus Phillip Danault in CAROLINA zone.
14:48 of 1st period - Shot by Roope Hintz.
14:48 of 1st period - Stopped by Sergei Bobrovsky with a rebound.
15:24 of 1st period - Shot by Joel Armia.
15:24 of 1st period - Shot Misses the Net.
15:36 of 1st period - Shot by Nicklas Backstrom.
15:36 of 1st period - Shot Blocked by Vincent Trocheck.
16:09 of 1st period - Shot by Adam Henrique.
16:09 of 1st period - Shot Misses the Net.
16:18 of 1st period - Icing by Phillip Danault.
16:19 of 1st period - Alex Iafallo wins face-off versus Nicklas Backstrom in MONTREAL zone.
16:30 of 1st period - Shot by Roope Hintz.
16:30 of 1st period - Deflect By Phillip Danault.
16:30 of 1st period - Shot Misses the Net.
16:42 of 1st period - Shot by Nicklas Backstrom.
16:42 of 1st period - Stopped by Anton Khudobin without a rebound.
16:43 of 1st period - Nathan MacKinnon wins face-off versus Sam Lafferty in MONTREAL zone.
17:06 of 1st period - Minor Penalty to Deryk Engelland for Slashing.
17:07 of 1st period - Nicklas Backstrom wins face-off versus Alex Iafallo in CAROLINA zone.
17:31 of 1st period - Icing by Connor Murphy.
17:32 of 1st period - Nicklas Backstrom wins face-off versus Phillip Danault in MONTREAL zone.
19:13 of 1st period - Brent Burns is hit by Joel Armia and loses puck.
19:28 of 1st period - Shot by Alexander Radulov.
19:28 of 1st period - Shot Misses the Net.
19:34 of 1st period - Shot by Vincent Trocheck.
19:34 of 1st period - Goal by Vincent Trocheck - CAROLINA : 1 - MONTREAL : 1.
19:35 of 1st period - Sam Lafferty wins face-off versus Nathan MacKinnon in neutral zone.
Goals for this period are 1 for CAROLINA vs 1 for MONTREAL.
Shots for this period are 5 for CAROLINA vs 10 for MONTREAL.

2nd period


0:01 of 2nd period - Nicklas Backstrom wins face-off versus Tomas Tatar in neutral zone.
0:08 of 2nd period - Shot by Dominik Kubalik.
0:08 of 2nd period - Shot Misses the Net.
0:14 of 2nd period - Nicklas Backstrom is hit by Tomas Tatar and loses puck.
0:34 of 2nd period - Icing by Nathan MacKinnon.
0:35 of 2nd period - Nathan MacKinnon wins face-off versus Alexander Radulov in MONTREAL zone.
0:35 of 2nd period - Nathan MacKinnon is hit by Kyle Clifford.
1:01 of 2nd period - Duncan Keith is hit by Phillip Danault and loses puck.
1:08 of 2nd period - Shot by Alexander Radulov.
1:08 of 2nd period - Shot Misses the Net.
1:10 of 2nd period - Shot by Kyle Clifford.
1:10 of 2nd period - Stopped by Anton Khudobin with a rebound.
1:19 of 2nd period - Icing by Phillip Danault.
1:20 of 2nd period - Phillip Danault wins face-off versus Dominik Kubalik in MONTREAL zone.
1:55 of 2nd period - Shot by Vladimir Tarasenko.
1:55 of 2nd period - Stopped by Anton Khudobin with a rebound.
1:59 of 2nd period - Shot by Vladimir Tarasenko.
1:59 of 2nd period - Stopped by Anton Khudobin without a rebound.
2:00 of 2nd period - Sam Lafferty wins face-off versus Vincent Trocheck in MONTREAL zone.
2:38 of 2nd period - Vincent Trocheck is hit by Matt Benning and loses puck.
3:16 of 2nd period - Nathan MacKinnon is hit by Matt Benning and loses puck.
3:22 of 2nd period - Nathan MacKinnon is hit by Josh Brown and loses puck.
3:50 of 2nd period - Shot by Keith Yandle.
3:50 of 2nd period - Stopped by Sergei Bobrovsky without a rebound.
3:51 of 2nd period - Nicklas Backstrom wins face-off versus Nathan MacKinnon in CAROLINA zone.
4:29 of 2nd period - Icing by P.K. Subban.
4:30 of 2nd period - Luke Kunin wins face-off versus Nathan MacKinnon in MONTREAL zone.
4:37 of 2nd period - Shot by Luke Kunin.
4:37 of 2nd period - Deflect By Kyle Clifford.
4:37 of 2nd period - Stopped by Anton Khudobin without a rebound.
4:38 of 2nd period - Luke Kunin wins face-off versus Phillip Danault in MONTREAL zone.
4:45 of 2nd period - Shot by Alexander Radulov.
4:45 of 2nd period - Stopped by Anton Khudobin without a rebound.
4:46 of 2nd period - Phillip Danault wins face-off versus Luke Kunin in MONTREAL zone.
4:51 of 2nd period - Shea Weber is hit by Phillip Danault and loses puck.
5:07 of 2nd period - Shot by Phillip Danault.
5:07 of 2nd period - Shot Blocked by Brent Burns.
5:09 of 2nd period - Shot by Tony DeAngelo.
5:09 of 2nd period - Shot Blocked by Brent Burns.
5:44 of 2nd period - Nino Niederreiter is hit by Luke Kunin.
7:13 of 2nd period - Minor Penalty to Connor Murphy for Hooking.
7:14 of 2nd period - Phillip Danault wins face-off versus Cooper Marody in MONTREAL zone.
7:31 of 2nd period - Shot by Matt Martin.
7:31 of 2nd period - Stopped by Anton Khudobin with a rebound.
7:33 of 2nd period - Shot by Cooper Marody.
7:33 of 2nd period - Shot Misses the Net.
7:35 of 2nd period - Shot by Brent Burns.
7:35 of 2nd period - Shot Blocked by Keith Yandle.
7:37 of 2nd period - Shot by Brent Burns.
7:37 of 2nd period - Stopped by Anton Khudobin without a rebound.
7:38 of 2nd period - Nicklas Backstrom wins face-off versus Phillip Danault in MONTREAL zone.
7:51 of 2nd period - Shot by Duncan Keith.
7:51 of 2nd period - Shot Misses the Net.
7:53 of 2nd period - Shot by Deryk Engelland.
7:53 of 2nd period - Stopped by Anton Khudobin without a rebound.
7:54 of 2nd period - Luke Kunin wins face-off versus Phillip Danault in MONTREAL zone.
8:09 of 2nd period - Shot by Shea Weber.
8:09 of 2nd period - Shot Misses the Net.
8:11 of 2nd period - Shot by Shea Weber.
8:11 of 2nd period - Stopped by Anton Khudobin without a rebound.
8:12 of 2nd period - Phillip Danault wins face-off versus Nicklas Backstrom in MONTREAL zone.
8:12 of 2nd period - Phillip Danault is hit by Nicklas Backstrom.
8:20 of 2nd period - Shot by Vladimir Tarasenko.
8:20 of 2nd period - Shot Blocked by P.K. Subban.
8:22 of 2nd period - Shot by Duncan Keith.
8:22 of 2nd period - Shot Blocked by Keith Yandle.
8:44 of 2nd period - Shot by Vincent Trocheck.
8:44 of 2nd period - Shot Misses the Net.
9:22 of 2nd period - Connor Murphy is hit by Matt Martin and loses puck.
9:35 of 2nd period - Shot by Adam Henrique.
9:35 of 2nd period - Stopped by Anton Khudobin without a rebound.
9:36 of 2nd period - Vincent Trocheck wins face-off versus Luke Kunin in MONTREAL zone.
9:45 of 2nd period - Shot by Tony DeAngelo.
9:45 of 2nd period - Stopped by Sergei Bobrovsky without a rebound.
9:46 of 2nd period - Sam Lafferty wins face-off versus Nathan MacKinnon in CAROLINA zone.
9:54 of 2nd period - Icing by Nathan MacKinnon.
9:55 of 2nd period - Luke Kunin wins face-off versus Nathan MacKinnon in MONTREAL zone.
10:33 of 2nd period - Shot by Alexander Radulov.
10:33 of 2nd period - Shot Misses the Net.
10:42 of 2nd period - Icing by Keith Yandle.
10:43 of 2nd period - Nathan MacKinnon wins face-off versus Nicklas Backstrom in MONTREAL zone.
11:10 of 2nd period - Icing by Connor Murphy.
11:11 of 2nd period - Sam Lafferty wins face-off versus Phillip Danault in MONTREAL zone.
11:30 of 2nd period - Shot by Matt Martin.
11:30 of 2nd period - Shot Blocked by Connor Murphy.
11:47 of 2nd period - Icing by P.K. Subban.
11:48 of 2nd period - Nicklas Backstrom wins face-off versus Roope Hintz in MONTREAL zone.
11:59 of 2nd period - Shot by Dominik Kubalik.
11:59 of 2nd period - Shot Misses the Net.
12:19 of 2nd period - Shot by Dominik Kubalik.
12:19 of 2nd period - Shot Blocked by Keith Yandle.
12:23 of 2nd period - Shot by Vladimir Tarasenko.
12:23 of 2nd period - Shot Blocked by Keith Yandle.
12:25 of 2nd period - Shot by Brent Burns.
12:25 of 2nd period - Shot Misses the Net.
12:47 of 2nd period - Shot by Alexander Radulov.
12:47 of 2nd period - Shot Misses the Net.
13:04 of 2nd period - Icing by Nathan MacKinnon.
13:05 of 2nd period - Nathan MacKinnon wins face-off versus Sam Lafferty in MONTREAL zone.
13:37 of 2nd period - Shot by Adam Henrique.
13:37 of 2nd period - Stopped by Anton Khudobin without a rebound.
13:38 of 2nd period - Vincent Trocheck wins face-off versus Ross Colton in MONTREAL zone.
13:38 of 2nd period - Vincent Trocheck is hit by Joel L'Esperance.
14:11 of 2nd period - Off-side.
14:12 of 2nd period - Luke Kunin wins face-off versus Phillip Danault in neutral zone.
15:33 of 2nd period - Shot by Nathan MacKinnon.
15:33 of 2nd period - Stopped by Sergei Bobrovsky without a rebound.
15:34 of 2nd period - Vincent Trocheck wins face-off versus Nicklas Backstrom in CAROLINA zone.
15:41 of 2nd period - Shot by Nino Niederreiter.
15:41 of 2nd period - Shot Misses the Net.
15:43 of 2nd period - Shot by Tony DeAngelo.
15:43 of 2nd period - Stopped by Sergei Bobrovsky without a rebound.
15:44 of 2nd period - Vincent Trocheck wins face-off versus Ross Colton in CAROLINA zone.
15:55 of 2nd period - Shot by Vincent Trocheck.
15:55 of 2nd period - Stopped by Sergei Bobrovsky with a rebound.
16:39 of 2nd period - Shot by Matt Martin.
16:39 of 2nd period - Deflect By Adam Henrique.
16:39 of 2nd period - Shot Blocked by Alex Iafallo.
16:41 of 2nd period - Shot by Matt Martin.
16:41 of 2nd period - Goal by Matt Martin - CAROLINA : 2 - MONTREAL : 1.
16:42 of 2nd period - Nathan MacKinnon wins face-off versus Luke Kunin in neutral zone.
18:03 of 2nd period - Shot by Phillip Danault.
18:03 of 2nd period - Shot Blocked by Shea Weber.
18:04 of 2nd period - Minor Penalty to Shea Weber for Roughing.
18:05 of 2nd period - Nicklas Backstrom wins face-off versus Phillip Danault in CAROLINA zone.
18:11 of 2nd period - Icing by Phillip Danault.
18:12 of 2nd period - Nicklas Backstrom wins face-off versus Phillip Danault in MONTREAL zone.
19:12 of 2nd period - Icing by Tomas Tatar.
19:13 of 2nd period - Alexander Radulov wins face-off versus Nathan MacKinnon in MONTREAL zone.
19:28 of 2nd period - Shot by Nathan MacKinnon.
19:28 of 2nd period - Shot Misses the Net.
19:30 of 2nd period - Shot by Max Pacioretty.
19:30 of 2nd period - Goal by Max Pacioretty - CAROLINA : 2 - MONTREAL : 2.
19:31 of 2nd period - Vincent Trocheck wins face-off versus Luke Kunin in neutral zone.
Goals for this period are 1 for CAROLINA vs 1 for MONTREAL.
Shots for this period are 12 for CAROLINA vs 6 for MONTREAL.

3rd period


0:01 of 3rd period - Max Pacioretty wins face-off versus Nicklas Backstrom in neutral zone.
0:54 of 3rd period - Icing by Connor Murphy.
0:55 of 3rd period - Nathan MacKinnon wins face-off versus Luke Kunin in MONTREAL zone.
0:55 of 3rd period - Nathan MacKinnon is hit by Kyle Clifford.
1:30 of 3rd period - Shot by Alexander Radulov.
1:30 of 3rd period - Shot Misses the Net.
1:32 of 3rd period - Shot by Duncan Keith.
1:32 of 3rd period - Shot Misses the Net.
1:50 of 3rd period - Alex Iafallo is hit by Luke Kunin and loses puck.
2:05 of 3rd period - Matt Benning is hit by Roope Hintz and loses puck.
2:12 of 3rd period - Shot by Adam Henrique.
2:12 of 3rd period - Shot Blocked by Phillip Danault.
2:14 of 3rd period - Shot by Sam Lafferty.
2:14 of 3rd period - Shot Misses the Net.
2:16 of 3rd period - Shot by Matt Martin.
2:16 of 3rd period - Shot Misses the Net.
2:24 of 3rd period - Shot by Adam Henrique.
2:24 of 3rd period - Stopped by Anton Khudobin without a rebound.
2:25 of 3rd period - Vincent Trocheck wins face-off versus Nicklas Backstrom in MONTREAL zone.
3:56 of 3rd period - Nicklas Backstrom is hit by Nathan MacKinnon and loses puck.
4:01 of 3rd period - Shot by Nathan MacKinnon.
4:01 of 3rd period - Goal by Nathan MacKinnon - CAROLINA : 2 - MONTREAL : 3.
4:02 of 3rd period - Luke Kunin wins face-off versus Nathan MacKinnon in neutral zone.
4:21 of 3rd period - Shot by Alexander Radulov.
4:21 of 3rd period - Stopped by Anton Khudobin without a rebound.
4:22 of 3rd period - Alex Iafallo wins face-off versus Sam Lafferty in MONTREAL zone.
4:22 of 3rd period - Alex Iafallo is hit by Matt Martin.
4:27 of 3rd period - Erik Gustafsson is hit by Matt Benning and loses puck.
5:13 of 3rd period - Shot by Alexander Radulov.
5:13 of 3rd period - Shot Misses the Net.
6:07 of 3rd period - Icing by Connor Murphy.
6:08 of 3rd period - Nino Niederreiter wins face-off versus Sam Lafferty in MONTREAL zone.
6:43 of 3rd period - Icing by Connor Murphy.
6:44 of 3rd period - Dominik Kubalik wins face-off versus Nino Niederreiter in MONTREAL zone.
6:46 of 3rd period - Vladimir Tarasenko is hit by Connor Murphy and loses puck.
7:03 of 3rd period - Shot by Dominik Kubalik.
7:03 of 3rd period - Shot Blocked by Connor Murphy.
7:07 of 3rd period - Shot by Nicklas Backstrom.
7:07 of 3rd period - Stopped by Anton Khudobin with a rebound.
7:08 of 3rd period - Minor Penalty to Connor Murphy for Hooking.
7:09 of 3rd period - Luke Kunin wins face-off versus Phillip Danault in MONTREAL zone.
7:10 of 3rd period - Shot by Alexander Radulov.
7:10 of 3rd period - Stopped by Anton Khudobin without a rebound.
7:11 of 3rd period - Kyle Clifford wins face-off versus Phillip Danault in MONTREAL zone.
7:16 of 3rd period - Shot by Alexander Radulov.
7:16 of 3rd period - Shot Misses the Net.
7:26 of 3rd period - Shot by Shea Weber.
7:26 of 3rd period - Stopped by Anton Khudobin without a rebound.
7:27 of 3rd period - Phillip Danault wins face-off versus Nicklas Backstrom in MONTREAL zone.
7:35 of 3rd period - Nicklas Backstrom is hit by Phillip Danault and loses puck.
7:39 of 3rd period - Duncan Keith is hit by Keith Yandle and loses puck.
7:46 of 3rd period - Shot by Vladimir Tarasenko.
7:46 of 3rd period - Stopped by Anton Khudobin without a rebound.
7:47 of 3rd period - Luke Kunin wins face-off versus Phillip Danault in MONTREAL zone.
7:48 of 3rd period - Shot by Alexander Radulov.
7:48 of 3rd period - Shot Blocked by Erik Gustafsson.
8:07 of 3rd period - Brent Burns is hit by Phillip Danault and loses puck.
8:42 of 3rd period - Shot by Nicklas Backstrom.
8:42 of 3rd period - Stopped by Anton Khudobin without a rebound.
8:43 of 3rd period - Phillip Danault wins face-off versus Dominik Kubalik in MONTREAL zone.
9:25 of 3rd period - Matt Martin is hit by Connor Murphy and loses puck.
10:57 of 3rd period - Minor Penalty to Luke Kunin for Goalie Interference.
10:58 of 3rd period - Nathan MacKinnon wins face-off versus Sam Lafferty in CAROLINA zone.
11:25 of 3rd period - Shot by Connor Murphy.
11:25 of 3rd period - Shot Blocked by Duncan Keith.
11:53 of 3rd period - Shot by Phillip Danault.
11:53 of 3rd period - Stopped by Sergei Bobrovsky without a rebound.
11:53 of 3rd period - Minor Penalty to Sergei Bobrovsky for Delaying the game.
11:54 of 3rd period - Phillip Danault wins face-off versus Nicklas Backstrom in CAROLINA zone.
12:11 of 3rd period - Shot by P.K. Subban.
12:11 of 3rd period - Shot Misses the Net.
12:46 of 3rd period - Shot by Erik Gustafsson.
12:46 of 3rd period - Stopped by Sergei Bobrovsky without a rebound.
12:47 of 3rd period - Nicklas Backstrom wins face-off versus Nathan MacKinnon in CAROLINA zone.
13:56 of 3rd period - Icing by Kyle Clifford.
13:57 of 3rd period - Vincent Trocheck wins face-off versus Luke Kunin in CAROLINA zone.
14:26 of 3rd period - Shot by Kyle Clifford.
14:26 of 3rd period - Stopped by Anton Khudobin without a rebound.
14:27 of 3rd period - Sam Lafferty wins face-off versus Nathan MacKinnon in MONTREAL zone.
14:38 of 3rd period - Corey Perry is hit by Duncan Keith.
14:44 of 3rd period - Shot by Nathan MacKinnon.
14:44 of 3rd period - Deflect By Wayne Simmonds.
14:44 of 3rd period - Stopped by Sergei Bobrovsky without a rebound.
14:45 of 3rd period - Phillip Danault wins face-off versus Nicklas Backstrom in CAROLINA zone.
15:19 of 3rd period - Shot by Roope Hintz.
15:19 of 3rd period - Shot Misses the Net.
15:23 of 3rd period - Shot by Phillip Danault.
15:23 of 3rd period - Stopped by Sergei Bobrovsky without a rebound.
15:24 of 3rd period - Nathan MacKinnon wins face-off versus Sam Lafferty in CAROLINA zone.
15:31 of 3rd period - Shot by Nathan MacKinnon.
15:31 of 3rd period - Stopped by Sergei Bobrovsky without a rebound.
15:31 of 3rd period - Max Pacioretty and Matt Martin fight to a draw.
15:31 of 3rd period - Penalty to Max Pacioretty for Fighting.
15:31 of 3rd period - Penalty to Matt Martin for Fighting.
15:32 of 3rd period - Luke Kunin wins face-off versus Nathan MacKinnon in CAROLINA zone.
15:45 of 3rd period - Shot by Alexander Radulov.
15:45 of 3rd period - Stopped by Anton Khudobin without a rebound.
15:46 of 3rd period - Sam Lafferty wins face-off versus Vincent Trocheck in MONTREAL zone.
15:46 of 3rd period - Minor Penalty to Nathan Beaulieu for Hooking.
15:47 of 3rd period - Nicklas Backstrom wins face-off versus Phillip Danault in MONTREAL zone.
16:22 of 3rd period - Shot by Shea Weber.
16:22 of 3rd period - Shot Misses the Net.
16:24 of 3rd period - Shot by Brent Burns.
16:24 of 3rd period - Stopped by Anton Khudobin with a rebound.
16:27 of 3rd period - Nicklas Backstrom is hit by Erik Gustafsson.
17:55 of 3rd period - Adam Henrique is hit by Nathan Beaulieu and loses puck.
18:13 of 3rd period - Sam Lafferty is hit by Nathan Beaulieu and loses puck.
18:48 of 3rd period - Shot by Ross Colton.
18:48 of 3rd period - Shot Misses the Net.
19:03 of 3rd period - Shot by Alex Iafallo.
19:03 of 3rd period - Shot Blocked by Deryk Engelland.
19:41 of 3rd period - Shot by Brock McGinn.
19:41 of 3rd period - Shot Misses the Net.
19:43 of 3rd period - Shot by Connor Murphy.
19:43 of 3rd period - Stopped by Sergei Bobrovsky without a rebound.
19:44 of 3rd period - Phillip Danault wins face-off versus Cooper Marody in CAROLINA zone.
19:45 of 3rd period - Shot by Corey Perry.
19:45 of 3rd period - Stopped by Sergei Bobrovsky with a rebound.
19:52 of 3rd period - Off-side.
19:53 of 3rd period - Phillip Danault wins face-off versus Cooper Marody in neutral zone.
Goals for this period are 0 for CAROLINA vs 1 for MONTREAL.
Shots for this period are 10 for CAROLINA vs 8 for MONTREAL.